3R
MAINE SEA DOGS @ SURPRISE SHOCKERS
07/29/2042
 
TOP OF THE 1ST
Maine Sea Dogs batting - Pitching for Surprise Shockers : RHP Mark Adams
Pitching: RHP Mark Adams
Batting: LHB Bill Fisher 0-0: Called Strike
0-1: Called Strike
0-2: Foul Ball, location: 2F
0-2: Strikes out swinging
Batting: RHB Yong-oon P'i 0-0: Ball
1-0: Called Strike
1-1: Called Strike
1-2: Ball
2-2: Foul Ball, location: 2F
2-2: Ball
3-2: Foul Ball, location: 2F
3-2: Ground out 6-3 (Groundball, 6MS, EV 86.9 MPH)
Batting: SHB Cristóbal Calzacorta 0-0: Fly out, F7 (Flyball, 7LS, EV 88.8 MPH)
Top of the 1st over - 0 runs, 0 hits, 0 errors, 0 left on base; Maine 0 - Surprise 0
BOTTOM OF THE 1ST
Surprise Shockers batting - Pitching for Maine Sea Dogs : LHP Christiansen Chemnitz
Pitching: LHP Christiansen Chemnitz
Batting: LHB George Fraser 0-0: Fly out, F9 (Flyball, 9, EV 91.2 MPH)
Batting: RHB Augusto Castro 0-0: Ball
1-0: Called Strike
1-1: SINGLE (Groundball, 6MD, EV 97.5 MPH)
Batting: RHB Manny Inserni 0-0: Foul Ball, location: 2F
0-1: Fly out, F8 (Flyball, 8RXD, EV 87.5 MPH)
Batting: RHB Manuel Usedo 0-0: Swinging Strike
0-1: Foul Ball, location: 2F
0-2: SINGLE (Groundball, 34D, EV 100.6 MPH)
Augusto Castro to second
Runner from 2nd tries for 3rd, SAFE, throw by RF made to third
Batting: LHB Cory Blatchford 0-0: Ball
1-0: Ball
2-0: Foul Ball, location: 2F
2-1: Foul Ball, location: 2F
2-2: Foul Ball, location: 2F
2-2: Fly out, F2 (Popup, 15S, EV 81.2 MPH)
Bottom of the 1st over - 0 runs, 2 hits, 0 errors, 2 left on base; Maine 0 - Surprise 0
TOP OF THE 2ND
Maine Sea Dogs batting - Pitching for Surprise Shockers : RHP Mark Adams
Batting: LHB Héctor Ancelno 0-0: Called Strike
0-1: Ball
1-1: Ball
2-1: SINGLE (Groundball, 4MS, EV 86.9 MPH) (infield hit)
Batting: RHB Joe Fuller 0-0: Foul Ball, location: 2F
0-1: Ball
1-1: Foul Ball, location: 2F
1-2: Foul Ball, location: 2F
1-2: Fly out, F3 (Popup, 3SF, EV 77.5 MPH)
Batting: SHB José Santos 0-0: Fielders Choice at 2nd, 4-6 (Groundball, 4, EV 100.6 MPH)
Batting: RHB Phil Hogan 0-0: SINGLE (Groundball, 6MD, EV 101.9 MPH)
José Santos to second
Runner from 2nd tries for 3rd, SAFE, throw by CF made to third
Batting: RHB Javier Carrodeguas 0-0: Ball
1-0: Swinging Strike
1-1: Swinging Strike
1-2: Ball
2-2: Strikes out swinging
Top of the 2nd over - 0 runs, 2 hits, 0 errors, 2 left on base; Maine 0 - Surprise 0
BOTTOM OF THE 2ND
Surprise Shockers batting - Pitching for Maine Sea Dogs : LHP Christiansen Chemnitz
Batting: RHB Al Custello 0-0: Foul Ball, location: 2F
0-1: Ball
1-1: Fly out, F9 (Flyball, 9LD, EV 108.1 MPH)
Batting: RHB Tony Floyd 0-0: Called Strike
0-1: Ball
1-1: Ball
2-1: Called Strike
2-2: Foul Ball, location: 2F
2-2: Foul Ball, location: 2F
2-2: Ball
3-2: Base on Balls
Batting: RHB Robbie Fisher 0-0: Called Strike
0-1: Ball
1-1: Swinging Strike
1-2: Foul Ball, location: 2F
1-2: Ball
Pickoff Throw to First - Out! 1-3
2-2: Ball
3-2: Foul Ball, location: 2F
3-2: Strikes out looking
Bottom of the 2nd over - 0 runs, 0 hits, 0 errors, 0 left on base; Maine 0 - Surprise 0
TOP OF THE 3RD
Maine Sea Dogs batting - Pitching for Surprise Shockers : RHP Mark Adams
Batting: RHB José Arizandieta 0-0: Ball
1-0: Swinging Strike
1-1: Ball
2-1: Ball
3-1: Base on Balls
Batting: LHB Bill Fisher 0-0: Ball
1-0: Foul Ball, location: 2F
1-1: Ball
2-1: Ball
3-1: Swinging Strike
3-2: Fly out, F6 (Line Drive, 6, EV 61.2 MPH)
Batting: RHB Yong-oon P'i 0-0: Foul Ball, location: 2F
0-1: Fielders Choice at 2nd, 1-4 (Groundball, 15, EV 80.0 MPH)
Batting: SHB Cristóbal Calzacorta 0-0: Ball
1-0: 2-RUN HOME RUN (Flyball, 78XD, EV 109.4 MPH), Distance : 399 ft
Batting: LHB Héctor Ancelno 0-0: Ball
1-0: Called Strike
1-1: Ball
2-1: Ball
3-1: Fly out, F7 (Flyball, 7D, EV 96.9 MPH)
Top of the 3rd over - 2 runs, 1 hit, 0 errors, 0 left on base; Maine 2 - Surprise 0
BOTTOM OF THE 3RD
Surprise Shockers batting - Pitching for Maine Sea Dogs : LHP Christiansen Chemnitz
Batting: RHB Henry Andrews 0-0: Foul Ball, location: 2F
0-1: Fly out, F8 (Line Drive, 8RD, EV 95.0 MPH)
Batting: LHB George Fraser 0-0: Ball
1-0: Ball
2-0: Ball
3-0: Base on Balls
Batting: RHB Augusto Castro 0-0: Ball
1-0: Foul Ball, location: 2F
1-1: Swinging Strike
1-2: Ball
2-2: Hit by Pitch
George Fraser to second
Batting: RHB Manny Inserni 0-0: Called Strike
0-1: Ball
1-1: Fielders Choice at 2nd, 5-4 (Groundball, 56, EV 83.1 MPH)
George Fraser to third
Batting: RHB Manuel Usedo 0-0: Ball
1-0: Called Strike
1-1: Ball
2-1: SINGLE (Groundball, 4D, EV 106.9 MPH)
George Fraser scores
Manny Inserni to second
Runner from 2nd tries for 3rd, SAFE, no throw by RF
Batting: LHB Cory Blatchford 0-0: Ball
1-0: Ball
Wild Pitch!
Manny Inserni scores
Manuel Usedo to second
2-0: Swinging Strike
2-1: Fly out, F7 (Flyball, 7D, EV 100.6 MPH)
Bottom of the 3rd over - 2 runs, 1 hit, 0 errors, 1 left on base; Maine 2 - Surprise 2
TOP OF THE 4TH
Maine Sea Dogs batting - Pitching for Surprise Shockers : RHP Mark Adams
Batting: RHB Joe Fuller 0-0: Ball
1-0: Foul Ball, location: 2F
1-1: Foul Ball, location: 2F
1-2: Ball
2-2: Ball
3-2: SINGLE (Line Drive, 9LS, EV 104.4 MPH)
Batting: SHB José Santos 0-0: Called Strike
0-1: Ball
1-1: Foul Ball, location: 2F
1-2: Foul Ball, location: 2F
1-2: Ball
2-2: SINGLE (Groundball, 4MD, EV 101.9 MPH)
Joe Fuller to second
Batting: RHB Phil Hogan 0-0: Called Strike
0-1: Foul Ball, location: 2F
0-2: Ball
1-2: SINGLE (Groundball, 4MD, EV 104.4 MPH)
Joe Fuller to third
José Santos to second
Batting: RHB Javier Carrodeguas 0-0: Ball
1-0: Ball
2-0: Fly out, F8 (Flyball, 78D, EV 96.2 MPH)
Runner from 3rd tags up, SCORES, no throw by CF
Batting: RHB José Arizandieta 0-0: Called Strike
0-1: Called Strike
0-2: Ball
1-2: Strikes out swinging
Batting: LHB Bill Fisher 0-0: Ball
1-0: Ball
2-0: Foul Ball, location: 2F
2-1: Foul Ball, location: 2F
2-2: SINGLE (Groundball, 25, EV 65.0 MPH) (infield hit)
José Santos to third
Phil Hogan to second
Batting: RHB Yong-oon P'i 0-0: SINGLE (Groundball, 56D, EV 108.1 MPH)
José Santos scores
Phil Hogan to third
Bill Fisher to second
Runner from 3rd tries for Home, SAFE, throw by LF to home
Pitching: RHP Shimei Sugiyama
Batting: SHB Cristóbal Calzacorta 0-0: Swinging Strike
0-1: Called Strike
0-2: Ball
1-2: Ball
2-2: Fielders Choice at 2nd, 5-4 (Groundball, 56, EV 80.0 MPH)
Top of the 4th over - 3 runs, 5 hits, 0 errors, 2 left on base; Maine 5 - Surprise 2
BOTTOM OF THE 4TH
Surprise Shockers batting - Pitching for Maine Sea Dogs : LHP Christiansen Chemnitz
Batting: RHB Al Custello 0-0: Ball
1-0: Foul Ball, location: 2F
1-1: Ball
2-1: Ball
3-1: Swinging Strike
3-2: Strikes out looking
Batting: RHB Tony Floyd 0-0: Ground out 6-3 (Groundball, 6, EV 105.6 MPH)
Batting: RHB Robbie Fisher 0-0: Ball
1-0: Foul Ball, location: 2F
1-1: Swinging Strike
1-2: Ball
2-2: DOUBLE (Line Drive, 7LD, EV 98.8 MPH)
Batting: RHB Henry Andrews 0-0: Called Strike
0-1: Ball
1-1: Foul Ball, location: 2F
1-2: Foul Ball, location: 2F
1-2: Ball
2-2: Ground out 6-3 (Groundball, 6, EV 81.9 MPH)
Bottom of the 4th over - 0 runs, 1 hit, 0 errors, 1 left on base; Maine 5 - Surprise 2
TOP OF THE 5TH
Maine Sea Dogs batting - Pitching for Surprise Shockers : RHP Shimei Sugiyama
Batting: LHB Héctor Ancelno 0-0: Called Strike
0-1: Ball
1-1: Foul Ball, location: 2F
1-2: Strikes out swinging
Batting: RHB Joe Fuller 0-0: Foul Ball, location: 2F
0-1: Fly out, F6 (Popup, 6MD, EV 51.2 MPH)
Batting: SHB José Santos 0-0: Foul Ball, location: 2F
0-1: Ball
1-1: Foul Ball, location: 2F
1-2: Ball
2-2: Ball
3-2: Foul Ball, location: 2F
3-2: SOLO HOME RUN (Flyball, 9D, EV 89.4 MPH), Distance : 368 ft
Batting: RHB Rutger McGroarty 0-0: Called Strike
0-1: Foul Ball, location: 2F
0-2: Strikes out swinging
Top of the 5th over - 1 run, 1 hit, 0 errors, 0 left on base; Maine 6 - Surprise 2
BOTTOM OF THE 5TH
Surprise Shockers batting - Pitching for Maine Sea Dogs : LHP Christiansen Chemnitz
Batting: LHB George Fraser 0-0: Called Strike
0-1: Ball
1-1: Called Strike
1-2: SINGLE (Groundball, 3D, EV 98.8 MPH)
Batting: RHB Augusto Castro 0-0: Ball
1-0: Grounds into double play, 5-4-3 (Groundball, 56S, EV 83.1 MPH)
Batting: RHB Manny Inserni 0-0: Foul Ball, location: 2F
0-1: SINGLE (Groundball, 6D, EV 95.6 MPH)
Batting: RHB Manuel Usedo 0-0: Ball
1-0: Foul Ball, location: 2F
1-1: Ball
2-1: Ball
3-1: Base on Balls
Manny Inserni to second
Batting: LHB Cory Blatchford 0-0: Foul Ball, location: 2F
0-1: Called Strike
0-2: Ball
1-2: Ball
2-2: Fly out, F4 (Line Drive, 4, EV 62.5 MPH)
Bottom of the 5th over - 0 runs, 2 hits, 0 errors, 2 left on base; Maine 6 - Surprise 2
TOP OF THE 6TH
Maine Sea Dogs batting - Pitching for Surprise Shockers : RHP Shimei Sugiyama
Batting: RHB Javier Carrodeguas 0-0: Ground out 5-3 (Groundball, 56S, EV 85.0 MPH)
Batting: RHB José Arizandieta 0-0: Ball
1-0: Foul Ball, location: 2F
1-1: Foul Ball, location: 2F
1-2: Strikes out swinging
Batting: LHB Bill Fisher 0-0: Called Strike
0-1: Ball
1-1: Swinging Strike
1-2: Strikes out looking
Top of the 6th over - 0 runs, 0 hits, 0 errors, 0 left on base; Maine 6 - Surprise 2
BOTTOM OF THE 6TH
Surprise Shockers batting - Pitching for Maine Sea Dogs : LHP Christiansen Chemnitz
Batting: RHB Al Custello 0-0: Called Strike
0-1: Ball
1-1: Ball
2-1: Foul Ball, location: 2F
2-2: Ball
3-2: Base on Balls
Batting: RHB Tony Floyd 0-0: Foul Ball, location: 2F
0-1: Swinging Strike
0-2: Foul Ball, location: 2F
0-2: Foul Ball, location: 2F
0-2: Ball
1-2: Fly out, F8 (Flyball, 8LD, EV 103.1 MPH)
Pitching: RHP Steve Richards
Batting: RHB Robbie Fisher 0-0: Called Strike
0-1: Ball
1-1: Called Strike
1-2: Fielders Choice at 2nd, 6-4 (Groundball, 6, EV 103.8 MPH)
Batting: RHB Henry Andrews 0-0: Fly out, F6 (Popup, 6, EV 63.1 MPH)
Bottom of the 6th over - 0 runs, 0 hits, 0 errors, 1 left on base; Maine 6 - Surprise 2
TOP OF THE 7TH
Maine Sea Dogs batting - Pitching for Surprise Shockers : RHP Shimei Sugiyama
Batting: RHB Yong-oon P'i 0-0: Ball
1-0: Ball
2-0: Ball
3-0: Called Strike
3-1: Swinging Strike
3-2: SINGLE (Groundball, 6MD, EV 98.1 MPH)
Batting: SHB Cristóbal Calzacorta 0-0: Called Strike
0-1: Ball
1-1: Reached on error, E1 (Groundball, 13S, EV 69.4 MPH)
Yong-oon P'i to second
Batting: LHB Héctor Ancelno 0-0: Ball
1-0: Ball
2-0: Ball
3-0: Base on Balls
Yong-oon P'i to third
Cristóbal Calzacorta to second
Batting: RHB Joe Fuller 0-0: Ball
1-0: Ball
2-0: Ball
3-0: Base on Balls
Yong-oon P'i scores
Cristóbal Calzacorta to third
Héctor Ancelno to second
Batting: SHB José Santos 0-0: Called Strike
0-1: Foul Ball, location: 2F
0-2: Ball
1-2: Ball
2-2: Strikes out looking
Batting: RHB Rutger McGroarty 0-0: Grounds into double play, 5-4-3 (Groundball, 56S, EV 85.0 MPH)
Top of the 7th over - 1 run, 1 hit, 1 error, 2 left on base; Maine 7 - Surprise 2
BOTTOM OF THE 7TH
Surprise Shockers batting - Pitching for Maine Sea Dogs : RHP Steve Richards
Batting: LHB George Fraser 0-0: Called Strike
0-1: Swinging Strike
0-2: Strikes out looking
Batting: RHB Augusto Castro 0-0: Ball
1-0: Called Strike
1-1: Swinging Strike
1-2: Ball
2-2: Foul Ball, location: 2F
2-2: Strikes out swinging
Batting: RHB Manny Inserni 0-0: Ball
1-0: Ball
2-0: Called Strike
2-1: Called Strike
2-2: Ball
3-2: Strikes out swinging
Bottom of the 7th over - 0 runs, 0 hits, 0 errors, 0 left on base; Maine 7 - Surprise 2
TOP OF THE 8TH
Maine Sea Dogs batting - Pitching for Surprise Shockers : RHP Shimei Sugiyama
Batting: RHB Javier Carrodeguas 0-0: Foul Ball, location: 2F
0-1: Swinging Strike
0-2: Foul Ball, location: 2F
0-2: Ball
1-2: Foul Ball, location: 2F
1-2: SINGLE (Line Drive, 8LS, EV 91.9 MPH)
Pitching: RHP Josh Rainey
Batting: RHB José Arizandieta 0-0: Ball
1-0: Ground out 5-3 (Groundball, 56S, EV 63.8 MPH)
Javier Carrodeguas to second
Batting: LHB Bill Fisher 0-0: Ball
1-0: Ball
2-0: Called Strike
2-1: Ball
3-1: Foul Ball, location: 2F
3-2: Foul Ball, location: 2F
3-2: Base on Balls
Batting: RHB Yong-oon P'i 0-0: Called Strike
0-1: Ball
1-1: Called Strike
1-2: Ball
2-2: Foul Ball, location: 2F
2-2: Foul Ball, location: 2F
2-2: Foul Ball, location: 2F
2-2: Foul Ball, location: 2F
2-2: Ball
3-2: Base on Balls
Javier Carrodeguas to third
Bill Fisher to second
Pitching: LHP Scott Childers
Batting: SHB Cristóbal Calzacorta 0-0: Called Strike
0-1: Ball
1-1: Foul Ball, location: 2F
1-2: Strikes out swinging
Batting: LHB Héctor Ancelno 0-0: SINGLE (Groundball, 3D, EV 102.5 MPH)
Javier Carrodeguas scores
Bill Fisher to third
Yong-oon P'i to second
Runner from 3rd tries for Home, SAFE, throw by RF to home
Batting: RHB Joe Fuller 0-0: Fly out, F3 (Line Drive, 3, EV 69.4 MPH)
Top of the 8th over - 2 runs, 2 hits, 0 errors, 2 left on base; Maine 9 - Surprise 2
BOTTOM OF THE 8TH
Surprise Shockers batting - Pitching for Maine Sea Dogs : RHP Steve Richards
Batting: RHB Manuel Usedo 0-0: Ball
1-0: Called Strike
1-1: Ball
2-1: Ball
3-1: Base on Balls
Pinch Hitting: RHB Anthony Dixon 0-0: Ball
1-0: Called Strike
1-1: Ball
2-1: Grounds into double play, 5-4-3 (Groundball, 56S, EV 78.8 MPH)
Pinch Hitting: RHB Javier Castro 0-0: Called Strike
0-1: Ball
1-1: Ball
2-1: SINGLE (Groundball, 56D, EV 101.2 MPH)
Pinch Hitting: RHB Juan Olivas 0-0: Fielders Choice at 2nd, U6 (Groundball, 6M, EV 76.9 MPH)
Bottom of the 8th over - 0 runs, 1 hit, 0 errors, 1 left on base; Maine 9 - Surprise 2
TOP OF THE 9TH
Maine Sea Dogs batting - Pitching for Surprise Shockers : LHP Scott Childers
Now at 2B: Fred Simpson
Now at SS: Anthony Dixon
Now in RF: Javier Castro
Batting: SHB José Santos 0-0: Called Strike
0-1: Hit by Pitch
Batting: RHB Rutger McGroarty 0-0: Called Strike
0-1: SINGLE (Groundball, 34D, EV 101.9 MPH)
José Santos to second
Batting: RHB Javier Carrodeguas 0-0: Foul Ball, location: 2F
0-1: Swinging Strike
0-2: Ball
1-2: Ball
2-2: Foul Ball, location: 2F
2-2: Fly out, F9 (Line Drive, 9, EV 91.2 MPH)
Batting: RHB José Arizandieta 0-0: Ball
1-0: Called Strike
1-1: Swinging Strike
1-2: Strikes out looking
Batting: LHB Bill Fisher 0-0: Ball
1-0: Called Strike
1-1: Foul Ball, location: 2F
1-2: Ball
2-2: Foul Ball, location: 2F
2-2: Strikes out swinging
Top of the 9th over - 0 runs, 1 hit, 0 errors, 2 left on base; Maine 9 - Surprise 2
BOTTOM OF THE 9TH
Surprise Shockers batting - Pitching for Maine Sea Dogs : RHP Steve Richards
Batting: RHB Robbie Fisher 0-0: Swinging Strike
0-1: Ball
1-1: Foul Ball, location: 2F
1-2: Ball
2-2: Foul Ball, location: 2F
2-2: Strikes out swinging
Batting: RHB Henry Andrews 0-0: Ball
1-0: Ball
2-0: Ball
3-0: Called Strike
3-1: Swinging Strike
3-2: Strikes out swinging
Pinch Hitting: LHB Stephen Hicks 0-0: Ball
1-0: Fly out, F7 (Line Drive, 7D, EV 91.9 MPH)
Bottom of the 9th over - 0 runs, 0 hits, 0 errors, 0 left on base; Maine 9 - Surprise 2
Friday, March 26th, 2021 - OOTP Baseball 20.8 Build 74